cohdb
Replays
Latest Replays
All Replays
Popular Replays
Top Player Replays
Match Explorer
How It Works
Community
CoH3 Stats
Reddit
Sign in to upload your games and track your stats! →
Sign in with Steam
Match 46627631
Unlisted
Match 46627631
Overview
Messages
Build Orders
End
Panzergrenadier Squad
250 Light Carrier
Panzergrenadier Squad
Selects Panzerjäger Kommand Battlegroup
Selects Blockade Equipment
Panzergrenadier Squad
Selects GrB 39 Grenade Launcher Requisition
Construct Light Support Kompanie
2.5-tonne Medical Truck
Fire Support Elements
Flakvierling Half-track
Construct Panzerarmee Kommand
Vehicle Survival Package
Speedbird
JohnMcClane
KellySlayer
SaintJam
sorij0825
Blockhead2312
0
0
Comments
sign in to comment!
No comments posted yet!